[Event "2nd Father Cup Blitz 2023"]
[Site "Rasht"]
[Date "2023.12.07"]
[Round "1.1"]
[White "Mardali, Yousef"]
[Black "Maghsoodloo, Parham"]
[Result "1-0"]
[ECO "B28"]
[WhiteElo "1583"]
[BlackElo "2742"]
[Annotator "TA"]
[PlyCount "59"]
[EventDate "2023.12.07"]
[EventType "swiss"]
[EventCountry "IRI"]
[SourceTitle "playchess.com"]
[Source "ChessBase"]
[SourceQuality "1"]
[TimeControl "300+2"]

1. e4 c5 2. Nf3 a6 3. d4 cxd4 4. Nxd4 Nf6 5. Nc3 e5 6. Nf5 d5 7. Bg5 Bxf5 8. exf5 Bb4 {[%emt 0:00:03] B28: Sicilian: 2 Nf3 a6 (O'Kelly Variation).} 9. a3 (9. Bxf6 $11 gxf6 10. Qf3) 9... Bxc3+ $17 10. bxc3 {[%emt 0:00:01] [#]} Nbd7 $146 {[%emt 0:00:08] Black is better.} ({Predecessor:} 10... Qa5 11. Bd2 Ne4 12. Be2 Qc5 13. O-O Nxd2 14. Qxd2 Nd7 15. Qg5 O-O 16. Rab1 b5 {0-1 Gic,S (1716)-Brutovsky,F (1738) SVK-chT2D 1718 2017 (10.8)}) 11. c4 d4 12. Be2 Qc7 13. f3 h6 14. Bh4 Nb6 15. Qd3 Rc8 16. c3 dxc3 (16... Qxc4 $6 17. cxd4 Qxd4 18. Qxd4 exd4 19. Rd1 $11) 17. Qxc3 Nfd5 18. Qa5 Nf4 (18... Nxc4 19. Qxd5 Ne3 20. Qe4 Nc2+ 21. Kf2 Nxa1 22. Rxa1 $16) 19. Bg3 $2 (19. Bf2 $17 Nxc4 {[%mdl 64] Discovered Attack} 20. Qxc7 Rxc7 21. Bxc4 Rxc4 22. O-O) 19... Nxg2+ $2 {[%emt 0:00:15] A dynamic duo of knights.} (19... Nxc4 20. Qxc7 Rxc7 21. Bxf4 exf4 22. Kf2 $17) (19... Nxe2 $19 20. Kxe2 Qxc4+ 21. Ke1 Nd5) 20. Kf2 Nf4 {[%emt 0:00:03] [#] Hoping for ...Nxe2.} (20... Nxc4 $2 21. Qxc7 Rxc7 22. Kxg2 $18) 21. Bxf4 exf4 22. Rab1 Nd7 $36 {[%emt 0:00:04][%mdl 2048] Black is in control.} ({Don't do} 22... Nxc4 23. Qxc7 Rxc7 24. Rhc1 $16) 23. Qd5 (23. Qxc7 $17 {keeps fighting.} Rxc7 24. Rhd1) 23... Nc5 $19 {[%emt 0:00:10] And now ...Rd8 would win.} 24. Rhd1 O-O ({Weaker is} 24... Qe7 25. Qd6) 25. Qd2 (25. Qd6 $142) 25... Rfe8 26. Rg1 $2 (26. Qd6 {was necessary.}) 26... Qe5 {[%emt 0:00:04] [#] White must now prevent ...Rcd8. Black is clearly winning.} 27. Rg2 Rcd8 (27... Qxf5 $2 {loses.} 28. Qb2 g5 29. Kg1 $19) 28. Qc2 (28. Qb2 $142 Qe3+ 29. Kf1) 28... Qe3+ {[%emt 0:00:08] White is weak on the dark squares} 29. Kf1 Rd2 30. f6 {[%emt 0:00:00][%mdl 32768] An interesting game.   Weighted Error Value: White=0.87/Black=0.23 (precise) . Loss on time!?} 1-0

[Event "2nd Father Cup Blitz 2023"]
[Site "Rasht"]
[Date "2023.12.07"]
[Round "1.2"]
[White "Toufighi, Homayoon"]
[Black "Masoumi, Sahel"]
[Result "1-0"]
[ECO "B27"]
[WhiteElo "2368"]
[BlackElo "1931"]
[Annotator "RC"]
[PlyCount "63"]
[EventDate "2023.12.07"]
[EventType "swiss"]
[EventCountry "IRI"]
[SourceTitle "playchess.com"]
[Source "ChessBase"]
[SourceQuality "1"]
[TimeControl "300+2"]

1. e4 c5 2. Nf3 g6 3. c3 Nf6 4. e5 Nd5 5. d4 cxd4 6. Qxd4 Nc7 7. Bc4 Bg7 8. O-O O-O 9. Qh4 d5 10. exd6 Qxd6 11. Bh6 Bxh6 12. Qxh6 Qf6 13. Nbd2 Bf5 14. Rfe1 Nc6 15. Ne4 Bxe4 16. Rxe4 e6 17. Rae1 Rad8 18. h4 Qg7 19. Qf4 Nd5 20. Bxd5 Rxd5 21. Qc7 Rb5 22. R4e2 h5 23. Ng5 Qf6 24. Rd1 Rxg5 25. hxg5 Qxg5 26. Qxb7 Ne5 27. Qe4 Ng4 28. f3 Nf6 29. Qe5 Qh4 30. Rd4 Ng4 31. fxg4 hxg4 32. g3 1-0

[Event "2nd Father Cup Blitz 2023"]
[Site "Rasht"]
[Date "2023.12.07"]
[Round "1.3"]
[White "Mehrkhah, Hadi"]
[Black "Mahdavi, Reza"]
[Result "0-1"]
[ECO "E11"]
[WhiteElo "1438"]
[BlackElo "2312"]
[Annotator "RC"]
[PlyCount "54"]
[EventDate "2023.12.07"]
[EventType "swiss"]
[EventCountry "IRI"]
[SourceTitle "playchess.com"]
[Source "ChessBase"]
[SourceQuality "1"]
[TimeControl "300+2"]

1. d4 Nf6 2. c4 e6 3. g3 d5 4. Nf3 Bb4+ 5. Bd2 Be7 6. Bg2 O-O 7. O-O Nbd7 8. Qc2 c6 9. b3 b6 10. Bf4 h6 11. Rd1 Ba6 12. Ne5 Rc8 13. Nd2 Nh5 14. Nxd7 Qxd7 15. Be3 Nf6 16. Nf3 Rfd8 17. h3 c5 18. Ne5 Qe8 19. dxc5 Bxc5 20. Bxc5 Rxc5 21. f4 dxc4 22. bxc4 Rdc8 23. Qb3 Bxc4 24. Nxc4 Rxc4 25. Qa3 Qa4 26. Qe7 R4c7 27. Qd6 Rd7 0-1

[Event "2nd Father Cup Blitz 2023"]
[Site "Rasht"]
[Date "2023.12.07"]
[Round "1.4"]
[White "Mousavi, Seyed Khalil"]
[Black "Darang, Mehrbod"]
[Result "1-0"]
[ECO "D02"]
[WhiteElo "2501"]
[BlackElo "1536"]
[Annotator "RC"]
[PlyCount "45"]
[EventDate "2023.12.07"]
[EventType "swiss"]
[EventCountry "IRI"]
[SourceTitle "playchess.com"]
[Source "ChessBase"]
[SourceQuality "1"]
[TimeControl "300+2"]

1. d4 Nf6 2. Bf4 g6 3. Nd2 d5 4. e3 Bg7 5. Bd3 O-O 6. Ngf3 c5 7. dxc5 Nc6 8. Ne5 Nxe5 9. Bxe5 Nd7 10. Bxg7 Kxg7 11. b4 a5 12. a3 e5 13. e4 dxe4 14. Nxe4 f5 15. Nd6 Qg5 16. O-O Nf6 17. Bc4 f4 18. Qf3 Ra7 19. h3 h5 20. Rae1 Nd7 21. Nb5 Ra8 22. Nc7 Ra7 23. Ne6+ 1-0

[Event "2nd Father Cup Blitz 2023"]
[Site "Rasht"]
[Date "2023.12.07"]
[Round "2.1"]
[White "Maghsoodloo, Parham"]
[Black "Gerayeli, Kiarash"]
[Result "1-0"]
[ECO "D25"]
[WhiteElo "2742"]
[BlackElo "2028"]
[Annotator "TA"]
[PlyCount "43"]
[EventDate "2023.12.07"]
[EventType "swiss"]
[EventCountry "IRI"]
[SourceTitle "playchess.com"]
[Source "ChessBase"]
[SourceQuality "1"]
[TimeControl "300+2"]

1. d4 d5 2. c4 dxc4 3. Nf3 Nf6 4. e3 b5 5. a4 b4 6. Bxc4 {[%emt 0:00:03] D25: Queen's Gambit Accepted: 4 e3: sidelines and 4...Bg4.} Bb7 7. a5 $5 {[%emt 0:00:10][%mdl 4] Leaves trodden paths.} a6 (7... Nbd7 $14) 8. Qa4+ $1 $16 {[%emt 0:00:22] [#] White is better.} Nbd7 $146 ({Predecessor:} 8... Nc6 9. Ne5 Qd6 10. Nxf7 Qd7 11. Nxh8 e6 12. Nd2 O-O-O 13. Nf3 Bd6 14. Qb3 Nd5 {1-0 Grochal,J (2335)-Ghomi,P (2006) Titled Tuesday intern op 22nd Dec blitz 2020 (10)}) 9. Qxb4 Bxf3 10. gxf3 $40 {[%emt 0:00:02][%cal Bg2f3,Bf3f4][%mdl 160] White is up to no good.} e5 {[%emt 0:00:53] [#] A mistake that costs the game.} (10... e6 $14 11. Qb7 c5) 11. Qb3 $1 $18 Qe7 12. dxe5 Nxe5 {[%emt 0:00:05] [#]} 13. Be2 Qd7 14. f4 Nc6 15. Bf3 Rb8 16. Qc4 Bb4+ (16... Nb4 {might work better.} 17. O-O Be7) 17. Ke2 Na7 (17... Nxa5 $2 18. Rxa5 O-O 19. Rxa6 $18) (17... Ne7 $16) 18. Rd1 {[%emt 0:00:10] Active counter play!} Qe7 (18... Qc8 {was worth a try.} 19. b3 (19. Qd4 Qd7 $16) 19... O-O) 19. Qxa6 c5 20. Bc6+ Nxc6 (20... Kf8 $142 21. Ba4 h5) 21. Qxc6+ Kf8 22. a6 {[%emt 0:00:02] Weighted Error Value: White=0.19 (very precise) /Black=0.54} 1-0

[Event "2nd Father Cup Blitz 2023"]
[Site "Rasht"]
[Date "2023.12.07"]
[Round "2.2"]
[White "Khanjani, Rastin"]
[Black "Toufighi, Homayoon"]
[Result "0-1"]
[ECO "B01"]
[WhiteElo "1913"]
[BlackElo "2368"]
[Annotator "RC"]
[PlyCount "112"]
[EventDate "2023.12.07"]
[EventType "swiss"]
[EventCountry "IRI"]
[SourceTitle "playchess.com"]
[Source "ChessBase"]
[SourceQuality "1"]
[TimeControl "300+2"]

1. e4 d5 2. exd5 Qxd5 3. Nc3 Qa5 4. d4 Nf6 5. Bc4 Nc6 6. h3 Qb4 7. Bb5 Bd7 8. Nf3 a6 9. Bxc6 Bxc6 10. a3 Qd6 11. Be3 e6 12. O-O Be7 13. Ne5 O-O 14. Qe2 Bd5 15. Bf4 Qd8 16. Rad1 Re8 17. Bg3 b6 18. Nxd5 Qxd5 19. c4 Qb7 20. Rd3 Rad8 21. Rfd1 b5 22. Rb3 c6 23. a4 b4 24. Rbd3 a5 25. b3 Nd7 26. Qe4 Nxe5 27. dxe5 Qc8 28. f4 h6 29. Bf2 Rxd3 30. Rxd3 Bf8 31. Bb6 Qa6 32. Qxc6 Rb8 33. Rd6 Rc8 34. Qb5 Qb7 35. Rd7 Qe4 36. Bxa5 Qxf4 37. Bxb4 Qe3+ 38. Kh1 Qc1+ 39. Kh2 Qf4+ 40. Kh1 Qc1+ 41. Kh2 Qf4+ 42. Kh1 Bxb4 43. Qxb4 Qxe5 44. a5 Rb8 45. Qd6 Qe1+ 46. Kh2 Rxb3 47. a6 Rb1 48. Rd8+ Kh7 49. Qd3+ f5 50. Rd7 Qg1+ 51. Kg3 Re1 52. Qd4 Re3+ 53. Kh4 Qf2+ 54. Kh5 Qe2+ 55. Kh4 Re4+ 56. g4 Rxd4 0-1

[Event "2nd Father Cup Blitz 2023"]
[Site "Rasht"]
[Date "2023.12.07"]
[Round "2.3"]
[White "Mahdavi, Reza"]
[Black "Niazi, Arash"]
[Result "1-0"]
[ECO "C02"]
[WhiteElo "2312"]
[BlackElo "1889"]
[Annotator "RC"]
[PlyCount "71"]
[EventDate "2023.12.07"]
[EventType "swiss"]
[EventCountry "IRI"]
[SourceTitle "playchess.com"]
[Source "ChessBase"]
[SourceQuality "1"]
[TimeControl "300+2"]

1. e4 e6 2. d4 d5 3. e5 c5 4. c3 Nc6 5. Nf3 Qb6 6. a3 c4 7. Nbd2 Na5 8. h4 Bd7 9. Rb1 Qc7 10. b4 cxb3 11. Nxb3 Ba4 12. Nfd2 Qxc3 13. Rh3 Qc7 14. Qg4 Nxb3 15. Nxb3 b6 16. Bd3 Ne7 17. Bd2 Nc6 18. h5 O-O-O 19. Rf3 Bxa3 20. Ra1 Bxb3 21. Ba6+ Kb8 22. Rxb3 Nxe5 23. Qd1 Nc6 24. Rbxa3 Nxd4 25. Rc1 Qe5+ 26. Kf1 Qh2 27. Rh3 Qd6 28. Qg4 e5 29. Rhc3 Ne6 30. Qa4 d4 31. Rc6 Qd7 32. Qb5 f6 33. Rxb6+ axb6 34. Qxb6+ Ka8 35. Ra1 Qa7 36. Bb7+ 1-0

[Event "2nd Father Cup Blitz 2023"]
[Site "Rasht"]
[Date "2023.12.07"]
[Round "2.4"]
[White "Alizadeh, Amirmohammad"]
[Black "Mousavi, Seyed Khalil"]
[Result "0-1"]
[ECO "B45"]
[WhiteElo "2128"]
[BlackElo "2501"]
[Annotator "RC"]
[PlyCount "68"]
[EventDate "2023.12.07"]
[EventType "swiss"]
[EventCountry "IRI"]
[SourceTitle "playchess.com"]
[Source "ChessBase"]
[SourceQuality "1"]
[TimeControl "300+2"]

1. e4 c5 2. Nf3 e6 3. d4 cxd4 4. Nxd4 Nf6 5. Nc3 Nc6 6. Nxc6 bxc6 7. e5 Nd5 8. Ne4 Qc7 9. f4 Rb8 10. Be2 Qb6 11. Bd3 Nb4 12. a3 Nxd3+ 13. Qxd3 Ba6 14. c4 Qb3 15. Qxb3 Rxb3 16. Nd2 Rd3 17. Ke2 Rd4 18. Ke3 c5 19. b3 g5 20. g3 gxf4+ 21. gxf4 Bh6 22. Rf1 d6 23. Ne4 dxe5 24. Nxc5 Bc8 25. Nd3 f6 26. Bb2 Rd8 27. Ke2 Rg8 28. fxe5 Rg2+ 29. Rf2 Rxf2+ 30. Nxf2 Rd2+ 31. Kf3 Bb7+ 32. Kg3 Rxb2 33. Ng4 Rxb3+ 34. Kf2 Bg5 0-1

[Event "2nd Father Cup Blitz 2023"]
[Site "Rasht"]
[Date "2023.12.07"]
[Round "3.1"]
[White "Eghdam, Pouria"]
[Black "Maghsoodloo, Parham"]
[Result "1-0"]
[ECO "A17"]
[WhiteElo "1956"]
[BlackElo "2742"]
[Annotator "TA"]
[PlyCount "56"]
[EventDate "2023.12.07"]
[EventType "swiss"]
[EventCountry "IRI"]
[SourceTitle "playchess.com"]
[Source "ChessBase"]
[SourceQuality "1"]
[TimeControl "300+2"]

1. Nf3 d5 2. e3 Nf6 3. c4 e6 4. Nc3 Bd6 5. b3 O-O 6. Bb2 {[%emt 0:00:02] A17: English Opening: 1...Nf6 with ...Bb4.} Nc6 7. Be2 Re8 8. d4 {[%emt 0:00:05] The position is equal.} dxc4 9. bxc4 e5 $1 {[%emt 0:00:02] [#]} 10. dxe5 $146 ({Predecessor:} 10. O-O exd4 11. Nxd4 Nxd4 12. exd4 Bf5 13. Bf3 c6 14. Qb3 Ng4 15. g3 h5 16. Rae1 {1-0 So,W (2760)-Gukesh,D (2732) Norway Masters blitz 11th 2023 (4)}) 10... Nxe5 11. Qc2 c6 (11... Nfg4 {is more complex.} 12. Nb5 Bb4+ 13. Bc3 Bxc3+ 14. Qxc3 c6) 12. Rd1 {[%emt 0:00:08] [#] c5 would be deadly.} Qc7 13. h3 Be6 14. Ng5 (14. Nxe5 $11 {keeps the balance.} Bxe5 15. O-O) 14... Bxc4 $17 (14... Nxc4 $2 15. Nxe6 Nxe3 16. Nxc7 $18 (16. fxe3 Bg3+ 17. Kf1 Rxe6 $16)) 15. Bxc4 (15. O-O $17 Bxe2 16. Qxe2 (16. Nxe2 h6 $17)) 15... Nxc4 $19 16. Nd5 $2 (16. O-O {is a better chance.}) 16... cxd5 ({Weaker is} 16... Nxd5 17. Qxh7+ (17. Qxc4 $2 {perishes.} Qa5+ 18. Kf1 Be5 $19) 17... Kf8 18. Qxg7+ (18. Bxg7+ Ke7 $16) 18... Ke7 19. Qxf7+ Kd8 20. Rxd5 cxd5 21. Bf6+ Re7 22. O-O $16 (22. Bxe7+ Qxe7 23. Qxd5 Nb6 $11)) 17. Bxf6 gxf6 18. Qxh7+ Kf8 19. Qh6+ Ke7 20. Nh7 Bb4+ 21. Kf1 Qe5 22. f4 Nxe3+ 23. Kg1 Qe6 {[%emt 0:00:02] Hoping for ...Rg8.} 24. Rd3 Nf5 25. Qh5 Qe4 {[%emt 0:00:13] ( -> ...Bc5+)} 26. Rf3 Rg8 {[%emt 0:00:03] Black mates.} 27. Kh2 {[%emt 0:00:03] [#]} Rxg2+ $3 28. Kxg2 {[%emt 0:00:02] White is weak on the dark squares} Qe2+ {[%emt 0:00:03][%mdl 32768] Weighted Error Value: White=1.51/Black=0.56. Loss on time!?} 1-0

[Event "2nd Father Cup Blitz 2023"]
[Site "Rasht"]
[Date "2023.12.07"]
[Round "3.2"]
[White "Toufighi, Homayoon"]
[Black "Mobarak Nezhad, Alireza"]
[Result "1-0"]
[ECO "B08"]
[WhiteElo "2368"]
[BlackElo "1963"]
[Annotator "RC"]
[PlyCount "57"]
[EventDate "2023.12.07"]
[EventType "swiss"]
[EventCountry "IRI"]
[SourceTitle "playchess.com"]
[Source "ChessBase"]
[SourceQuality "1"]
[TimeControl "300+2"]

1. e4 g6 2. d4 Bg7 3. Nc3 d6 4. Nf3 c6 5. a4 Nf6 6. Be2 O-O 7. O-O Bg4 8. Be3 Nbd7 9. h3 Bxf3 10. Bxf3 a5 11. g3 Qc7 12. Bg2 e5 13. Qd2 Rfe8 14. Rad1 Rad8 15. Rfe1 exd4 16. Bxd4 Nc5 17. Qe3 Nfd7 18. Bxg7 Kxg7 19. Qd4+ Nf6 20. e5 Rxe5 21. Rxe5 Ne6 22. Rxe6 fxe6 23. f4 d5 24. Re1 Kf7 25. h4 c5 26. Qe5 Qc6 27. Bh3 Re8 28. Nb5 Ne4 29. Rxe4 1-0

[Event "2nd Father Cup Blitz 2023"]
[Site "Rasht"]
[Date "2023.12.07"]
[Round "3.3"]
[White "Maghsoudloo, Amir Ali"]
[Black "Mahdavi, Reza"]
[Result "0-1"]
[ECO "A49"]
[WhiteElo "2148"]
[BlackElo "2312"]
[Annotator "RC"]
[PlyCount "71"]
[EventDate "2023.12.07"]
[EventType "swiss"]
[EventCountry "IRI"]
[SourceTitle "playchess.com"]
[Source "ChessBase"]
[SourceQuality "1"]
[TimeControl "300+2"]

1. Nf3 Nf6 2. g3 g6 3. b3 Bg7 4. Bb2 d6 5. d4 c5 6. c4 Qa5+ 7. Qd2 Qc7 8. Nc3 Bg4 9. d5 O-O 10. Bg2 Qc8 11. h3 Bd7 12. e4 e5 13. dxe6 Bxe6 14. Nd5 Bxd5 15. exd5 Re8+ 16. Kf1 Nbd7 17. Kg1 a6 18. Kh2 b5 19. Rhe1 bxc4 20. bxc4 Rb8 21. Rab1 Rxe1 22. Rxe1 Rxb2 23. Qf4 Qc7 24. g4 Rxf2 25. Re7 Qd8 26. Re1 Ne5 27. Kg3 Nd3 28. Qe3 Rxf3+ 29. Bxf3 Nxe1 30. Qxe1 Nd7 31. Kg2 Bd4 32. Qb1 Ne5 33. Be4 Qf6 34. Qc2 Qf4 35. Qe2 Nxc4 36. Qd1 0-1

[Event "2nd Father Cup Blitz 2023"]
[Site "Rasht"]
[Date "2023.12.07"]
[Round "3.4"]
[White "Mousavi, Seyed Khalil"]
[Black "Ezzati, Fereidoon"]
[Result "1-0"]
[ECO "E70"]
[WhiteElo "2501"]
[BlackElo "1954"]
[Annotator "RC"]
[PlyCount "83"]
[EventDate "2023.12.07"]
[EventType "swiss"]
[EventCountry "IRI"]
[SourceTitle "playchess.com"]
[Source "ChessBase"]
[SourceQuality "1"]
[TimeControl "300+2"]

1. d4 Nf6 2. c4 g6 3. Nc3 Bg7 4. e4 d6 5. Nge2 O-O 6. Ng3 c6 7. Be2 e5 8. d5 cxd5 9. cxd5 Nbd7 10. Be3 a6 11. O-O b5 12. b4 Nb6 13. a4 bxa4 14. Nxa4 Nxa4 15. Rxa4 Bb7 16. Bd3 h5 17. h3 Kh7 18. Qa1 h4 19. Ne2 Re8 20. Bg5 Qb6 21. Qa2 Nh5 22. Be3 Qd8 23. Bxa6 Bxa6 24. Rxa6 Rb8 25. Rb1 Bh6 26. Bxh6 Kxh6 27. Qd2+ Kg7 28. b5 Nf6 29. Qe3 Qc7 30. Rc6 Qa5 31. b6 Qa4 32. Nc3 Qa3 33. Qe1 Re7 34. Nb5 Qd3 35. Nxd6 Rd7 36. b7 Rxd6 37. Rxd6 Nxe4 38. Rd7 Kg8 39. Rc1 Nf6 40. Rc8+ Kg7 41. Rxb8 Nxd7 42. Rd8 1-0

[Event "2nd Father Cup Blitz 2023"]
[Site "Rasht"]
[Date "2023.12.07"]
[Round "4.1"]
[White "Maghsoodloo, Parham"]
[Black "Khaledi, Omid"]
[Result "1-0"]
[ECO "E12"]
[WhiteElo "2742"]
[BlackElo "2176"]
[Annotator "TA"]
[PlyCount "55"]
[EventDate "2023.12.07"]
[EventType "swiss"]
[EventCountry "IRI"]
[SourceTitle "playchess.com"]
[Source "ChessBase"]
[SourceQuality "1"]
[TimeControl "300+2"]

1. d4 Nf6 2. c4 e6 3. Nf3 b6 4. a3 Bb7 5. Bf4 Be7 6. Nc3 O-O {[%emt 0:00:02] E12: Queen's Indian: Unusual White 4th moves, 4 a3, 4 Nc3 Bb7 5 a3 and 4 Nc3 Bb7 .} 7. Qc2 d5 8. Rd1 (8. e3 $11) 8... Nbd7 (8... dxc4 $15 9. e3 Ba6) 9. cxd5 $11 exd5 10. e3 c6 11. Bd3 Re8 12. O-O Nf8 13. Ne5 Ng6 {[%emt 0:00:28] [#]} (13... Nh5 $11) 14. Bg5 $146 ({Predecessor:} 14. Bg3 Bd6 15. f4 Rc8 16. h3 Qe7 17. Bf5 Rc7 18. Bf2 Ba6 19. Rfe1 c5 20. Qa4 {1-0 Omar,N (2322)-Petrov,V (2002) Golden Sands Europe op 1st 2012 (5)}) 14... Nd7 15. Bxe7 Qxe7 16. f4 Ndxe5 17. dxe5 Red8 18. Ne2 c5 19. Ng3 Rac8 20. Nf5 Qc7 ({Black should try} 20... Qf8) 21. Qf2 {[%emt 0:00:06] White is much more active.} Nf8 $2 {[%emt 0:00:02] Loses the game.} (21... Rf8 $16) 22. Qh4 {[%emt 0:00:09] [#] Rf3 is the strong threat.} Rb8 $2 (22... Ng6 23. Qg3 Ra8) 23. Rf3 $18 Bc8 24. Ne7+ Kh8 {[%emt 0:00:00] [#]} 25. Bxh7 $1 Nxh7 26. f5 g6 27. fxg6 fxg6 28. Rf7 {[%emt 0:00:02] An entertaining game by Maghsoodloo.   Weighted Error Value: White=0.18 (very precise) /Black=0.97} 1-0

[Event "2nd Father Cup Blitz 2023"]
[Site "Rasht"]
[Date "2023.12.07"]
[Round "4.2"]
[White "Omidi, Arya"]
[Black "Toufighi, Homayoon"]
[Result "0-1"]
[ECO "C41"]
[WhiteElo "2301"]
[BlackElo "2368"]
[Annotator "RC"]
[PlyCount "102"]
[EventDate "2023.12.07"]
[EventType "swiss"]
[EventCountry "IRI"]
[SourceTitle "playchess.com"]
[Source "ChessBase"]
[SourceQuality "1"]
[TimeControl "300+2"]

1. e4 d6 2. d4 Nf6 3. Nc3 e5 4. Nf3 Nbd7 5. Bc4 Be7 6. O-O O-O 7. Qe2 c6 8. a4 Qc7 9. h3 Rb8 10. Re1 b6 11. Bg5 Re8 12. Rad1 Nf8 13. d5 c5 14. Nb5 Qd7 15. Na3 Qb7 16. Bb5 Bd7 17. Nc4 Qc7 18. b3 Bxb5 19. axb5 Qd7 20. Ra1 Ng6 21. Ncd2 h6 22. Bxf6 Bxf6 23. Ra4 Rb7 24. Rea1 Nf4 25. Qf1 g6 26. Kh2 Bg7 27. R1a2 Re7 28. g3 Nh5 29. Nh4 Bf6 30. Ng2 Bg5 31. Nf3 f5 32. Nxg5 hxg5 33. Qe2 Rh7 34. Ne3 Nf6 35. exf5 gxf5 36. g4 f4 37. Nf5 Kf8 38. f3 Ke8 39. Qd3 Kd8 40. b4 e4 41. fxe4 Nxg4+ 42. Kg1 Ne5 43. Qf1 g4 44. bxc5 bxc5 45. hxg4 f3 46. c4 Kc8 47. Ra6 Kb8 48. Rxd6 Qc8 49. Re6 Qh8 50. Rxe5 Rh1+ 51. Kf2 Rxf1+ 0-1

[Event "2nd Father Cup Blitz 2023"]
[Site "Rasht"]
[Date "2023.12.07"]
[Round "4.3"]
[White "Mahdavi, Reza"]
[Black "Moradi, Behrooz"]
[Result "1-0"]
[ECO "B40"]
[WhiteElo "2312"]
[BlackElo "2217"]
[Annotator "RC"]
[PlyCount "53"]
[EventDate "2023.12.07"]
[EventType "swiss"]
[EventCountry "IRI"]
[SourceTitle "playchess.com"]
[Source "ChessBase"]
[SourceQuality "1"]
[TimeControl "300+2"]

1. e4 c5 2. Nf3 e6 3. c3 d5 4. e5 d4 5. d3 dxc3 6. Nxc3 Nc6 7. Ne4 f5 8. Bg5 Qa5+ 9. Nc3 Be7 10. Bd2 Qd8 11. Be2 Nh6 12. Bxh6 gxh6 13. Qc1 Bg5 14. Qc2 Nd4 15. Nxd4 Qxd4 16. g3 Bd7 17. f4 Be7 18. Bh5+ Kf8 19. O-O-O Bc6 20. Rhf1 Rd8 21. Kb1 b5 22. g4 b4 23. Ne2 Qe3 24. gxf5 exf5 25. Ng3 Bd7 26. Qc4 Qd4 27. Qf7# 1-0

[Event "2nd Father Cup Blitz 2023"]
[Site "Rasht"]
[Date "2023.12.07"]
[Round "4.4"]
[White "Sadeh, Shahin"]
[Black "Mousavi, Seyed Khalil"]
[Result "1-0"]
[ECO "A04"]
[WhiteElo "2202"]
[BlackElo "2501"]
[Annotator "RC"]
[PlyCount "51"]
[EventDate "2023.12.07"]
[EventType "swiss"]
[EventCountry "IRI"]
[SourceTitle "playchess.com"]
[Source "ChessBase"]
[SourceQuality "1"]
[TimeControl "300+2"]

1. e4 c5 2. Nf3 e6 3. d3 Nc6 4. g3 g6 5. Bg2 Bg7 6. O-O Nge7 7. Re1 d6 8. c3 e5 9. Na3 O-O 10. Nc4 h6 11. a4 b6 12. Be3 Be6 13. b3 Kh7 14. d4 exd4 15. cxd4 Bg4 16. d5 Bxa1 17. Qxa1 Nb4 18. Qf6 Nc8 19. Qf4 Bxf3 20. Qxh6+ Kg8 21. Bg5 f6 22. Qxg6+ Kh8 23. Bh3 Qe7 24. Qh6+ Kg8 25. Be6+ Rf7 26. Bxf6 1-0

[Event "2nd Father Cup Blitz 2023"]
[Site "Rasht"]
[Date "2023.12.07"]
[Round "5.1"]
[White "Azadi, Amirmohammad"]
[Black "Maghsoodloo, Parham"]
[Result "1/2-1/2"]
[ECO "A25"]
[WhiteElo "2250"]
[BlackElo "2742"]
[Annotator "TA"]
[PlyCount "89"]
[EventDate "2023.12.07"]
[EventType "swiss"]
[EventCountry "IRI"]
[SourceTitle "playchess.com"]
[Source "ChessBase"]
[SourceQuality "1"]
[TimeControl "300+2"]

1. c4 Nf6 2. g3 e5 3. Bg2 Bc5 4. Nc3 O-O 5. e3 Re8 6. Nge2 Nc6 {[%emt 0:00:05] was the old line (6...d6).} 7. O-O a6 {[%emt 0:00:02] A25: English Opening vs King's Indian with ...Nc6 but without early d3.} 8. d4 Ba7 9. b3 (9. d5 $5 Ne7 10. d6 $14) 9... d6 {[%emt 0:00:02] The position is equal.} 10. Bb2 {[%emt 0:00:02] [#]} h6 $146 ({Predecessor:} 10... exd4 11. Nxd4 Nxd4 12. exd4 Rb8 13. a4 Bg4 14. f3 Be6 15. Qd2 c6 16. Kh1 d5 17. cxd5 Nxd5 {0-1 Miezis,N (2548)-Fedorchuk,S (2641) Vladimir Petrov Memorial op rapid 2014 (10)}) 11. Qd2 Bf5 12. Nd5 Bg4 13. dxe5 dxe5 (13... Nxe5 $14 {is more appropriate.} 14. Nxf6+ Qxf6) 14. h3 $16 Bh5 15. Rfd1 Qd6 16. g4 Bg6 17. Ng3 Rad8 18. Qe2 Nxd5 19. Rxd5 Qf8 20. Rad1 f6 21. Be4 Bf7 (21... Bxe4 $142 22. Nxe4 Bb6) 22. Rd7 Bb6 23. Qf3 {[%emt 0:00:03] Black must now prevent Qf5. White has more active pieces.} Rxd7 (23... Nd4 $2 24. exd4 Rxd7 25. Qf5 $18) 24. Rxd7 {[%emt 0:00:02] Hoping for Qf5.} Rd8 25. Rxd8 Qxd8 26. Bc3 ({White should play} 26. Qf5 {Threatens to win with Qh7+.} g6 27. Qf3) 26... Qd7 27. h4 Ne7 (27... Bc5 $16) 28. g5 {[%emt 0:00:05][%mdl 64] [#] Deflection} hxg5 29. hxg5 ({Worse is} 29. Bxb7 gxh4 30. Ne4 a5 $17) 29... fxg5 30. Bxe5 {[%emt 0:00:07][%cal Oe4h7] And now Bh7+! would win.} Ng6 {[%emt 0:00:05] [#]} 31. Bxg6 Bxg6 32. Qxb7 g4 33. c5 ({Weaker is} 33. Qxa6 Qd1+ 34. Kh2 Qf3 $11) (33. Qa8+ $18 Kh7 34. Qh1+ (34. Qxa6 Qd1+ 35. Kh2 Qf3 $11) 34... Kg8 35. Qb7) 33... Bxc5 34. Qxc7 (34. Qxa6 $16 Qd1+ 35. Kh2) 34... Qxc7 $11 35. Bxc7 $16 {[%emt 0:00:01][%mdl 4096] Endgame KBB-KBN} Bb1 36. a4 Bc2 37. a5 Kf7 38. Ne2 Bxb3 39. Nd4 Bd5 40. Kh2 Bb4 41. Kg3 {[%emt 0:00:02] White has an edge.} Be1 42. Nc2 Bc3 43. Kxg4 Be4 {[%emt 0:00:01] This pair of bishops is nice.} 44. Nd4 Bxd4 45. exd4 {[%emt 0:00:05] Blacks defense is rewarded with a draw.   Weighted Error Value: White=0.15 (very precise) /Black=0.13 (very precise)} 1/2-1/2

[Event "2nd Father Cup Blitz 2023"]
[Site "Rasht"]
[Date "2023.12.07"]
[Round "5.2"]
[White "Toufighi, Homayoon"]
[Black "Rastbod, Ali"]
[Result "1/2-1/2"]
[ECO "C03"]
[WhiteElo "2368"]
[BlackElo "2221"]
[Annotator "RC"]
[PlyCount "72"]
[EventDate "2023.12.07"]
[EventType "swiss"]
[EventCountry "IRI"]
[SourceTitle "playchess.com"]
[Source "ChessBase"]
[SourceQuality "1"]
[TimeControl "300+2"]

1. e4 e6 2. d4 d5 3. Nd2 Be7 4. Ngf3 Nf6 5. Bd3 c5 6. exd5 Qxd5 7. dxc5 Qxc5 8. O-O O-O 9. Qe2 Nbd7 10. Ne4 Qc7 11. Bg5 b6 12. Rad1 Bb7 13. Bh4 Rac8 14. Bg3 Qc6 15. Nd6 Bxd6 16. Bxd6 Rfe8 17. Bb5 Qxc2 18. Qxc2 Rxc2 19. Ne5 Rxb2 20. Bxd7 Nxd7 21. Nxd7 Rxa2 22. Ne5 f6 23. Nf3 e5 24. Rc1 Rc8 25. Rxc8+ Bxc8 26. Rc1 Be6 27. h4 h5 28. Rc7 Bd5 29. Nxe5 fxe5 30. Bxe5 Bf7 31. Rc8+ Kh7 32. Rc7 Kg8 33. Rc8+ Kh7 34. Rc7 Kg8 35. Rc8+ Kh7 36. Rc7 Kg8 1/2-1/2